 Dungeon Crawl Stone Soup version 0.17.0-23-g0de4337 (webtiles) character file.

142 septik the Twirler (level 5, -4/32 HPs)
             Began as a Gargoyle Gladiator on Nov 14, 2015.
             Slain by an ogre
             ... wielding a +0 giant club
              (16 damage)
             ... on level 3 of the Dungeon.
             The game lasted 00:03:23 (1920 turns).

septik the Twirler (Gargoyle Gladiator)             Turns: 1920, Time: 00:03:23

Health: -4/32      AC: 13    Str: 18    XL:     5   Next: 25%
Magic:  5/5        EV:  8    Int:  9    God:
Gold:   78         SH:  0    Dex: 11    Spells: 0 memorised, 4 levels left

rFire  . . .     SeeInvis .     a - +0 quarterstaff
rCold  . . .     Clarity  .     i - +0 chain mail
rNeg   + . .     SustAt   .     (shield currently unavailable)
rPois  ∞         Gourm    .     c - +0 helmet
rElec  +         Spirit   .     (no cloak)
rCorr  .         Warding  .     (no gloves)
rMut   .         Stasis   .     (no boots)
MR     .....                    (no amulet)
Stlth  ..........               (no ring)
                                r - ring of stealth

@: not resistant to hostile enchantments, extremely unstealthy
A: negative energy resistance 1, electricity resistance, unbreathing,
petrification resistance, rot immunity, AC +4
a: no special abilities


You were on level 3 of the Dungeon.
You were not hungry.

You visited 1 branch of the dungeon, and saw 3 of its levels.

You collected 78 gold pieces.

Inventory:

Hand Weapons
 a - a +0 quarterstaff (weapon)
Missiles
 d - 2 throwing nets (quivered)
Armour
 b - a +0 leather armour
 c - a +0 helmet (worn)
 h - a +0 helmet
 i - a +0 chain mail (worn)
Jewellery
 r - a ring of stealth (left hand)
Wands
 n - a wand of digging (10)
 u - a wand of enslavement (9)
Scrolls
 f - a scroll of recharging {unknown}
 k - a scroll of enchant armour {unknown}
 m - a scroll of teleportation {unknown}
 o - 2 scrolls of blinking {unknown}
 p - 2 scrolls of identify {unknown}
 v - a scroll of fear {unknown}
 x - a scroll of random uselessness {unknown}
 y - a scroll of remove curse {unknown}
 A - a scroll of fog {unknown}
Potions
 j - a potion of curing {unknown}
 l - a potion of heal wounds {unknown}
 q - a potion of magic {unknown}
 t - 2 potions of invisibility {unknown}
Comestibles
 e - 2 bread rations
 g - a beef jerky
 s - 3 fruits
 w - a meat ration
 z - a chunk of flesh


   Skills:
 + Level 3.3 Fighting
 * Level 4.2 Staves
 - Level 1.7 Throwing
 + Level 2.0 Armour
 + Level 3.0 Dodging


You had 4 spell levels left.
You didn't know any spells.

Dungeon Overview and Level Annotations

Branches:
Dungeon (3/15)

Altars:
Fedhas
Makhleb
Yredelemnul


Innate Abilities, Weirdness & Mutations

You are resistant to torment.
Your stone body is resilient (AC +4).
You are immune to poison.
You resist negative energy.
You are resistant to electric shocks.
You can survive without breathing.
You are immune to petrification.
You are immune to rotting.


Message History

Throwing (i - inventory):
d - 3 throwing nets (quivered)
Press: ? - help, Shift-Dir - straight line, f - ogre
Aim: an ogre, wielding a giant club (lightly wounded)
You throw a throwing net. The throwing net hits the ogre.
The ogre is caught in the net!
The ogre is lightly wounded.
The ogre struggles against the net.
You sock the ogre!
The ogre is heavily wounded.
The ogre struggles against the net.
You hit the ogre.
The ogre is heavily wounded.
The ogre struggles against the net.
You sock the ogre!
The ogre is almost dead.
The ogre struggles against the net.
The net rips apart, and the ogre comes free!
The ogre hits you with a giant club!
Ouch! That really hurt!
You die...

.#
#.#
.#
#.#
.#
#.#
.#
#.#
.#
#.#
.#
#.#
.#
#.#
.#
#(#
.#
#@#
.#
#O#
.#
#s#
.#
#..
##
###


You could see an ogre and a giant cockroach.

Vanquished Creatures
  A hound (D:2)
  4 adders
  An ooze (D:2)
  A worm (D:3)
  A giant gecko (D:2)
  A ball python (D:1)
  9 bats
  11 giant cockroaches
  7 goblins
  5 hobgoblins
  8 jackals
  3 giant newts
  5 kobolds
  8 rats
65 creatures vanquished.

Notes
Turn   | Place    | Note
--------------------------------------------------------------
     0 | D:1      | septik the Gargoyle Gladiator began the quest for the Orb.
     0 | D:1      | Reached XP level 1. HP: 12/12 MP: 1/1
   184 | D:1      | Reached XP level 2. HP: 17/17 MP: 2/2
   724 | D:2      | Reached XP level 3. HP: 22/22 MP: 3/3
   982 | D:2      | Reached skill level 1 in Armour
   982 | D:2      | Reached XP level 4. HP: 27/27 MP: 4/4
  1208 | D:2      | Reached skill level 4 in Staves
  1208 | D:2      | Reached XP level 5. HP: 32/32 MP: 5/5
  1212 | D:2      | Found a burning altar of Makhleb.
  1748 | D:3      | Found a blossoming altar of Fedhas.
  1791 | D:3      | Found a basalt altar of Yredelemnul.
  1912 | D:3      | Noticed an ogre
  1920 | D:3      | Slain by an ogre

Action                   |  1- 3 |  4- 6 || total
-------------------------+-------+-------++-------
Melee: Quarterstaff      |   159 |    79 ||   238
Throw: Throwing net      |       |     1 ||     1
  Eat: Chunk             |     1 |     3 ||     4
